[Event "*** Qualifier 3: Titled Tuesday 3|2 Blitz"]
[Site "Chess.com"]
[Date "2017.04.18"]
[Round "6"]
[White "brauliocuarta"]
[Black "abubakrtagelsir"]
[Result "0-1"]
[WhiteElo "2135"]
[BlackElo "2164"]
[TimeControl "180+2"]
[EndTime "14:22:04 PDT"]
[Termination "abubakrtagelsir won by resignation"]

1. d4 d5 2. c4 c6 3. Nf3 Nf6 4. Nc3 dxc4 5. a4 Bf5 6. e3 e6 7. Bxc4 Bb4 8. O-O O-O 9. Qe2 Nbd7 10. e4 Bg6 11. Bd3 Bh5 12. e5 Nd5 13. Nxd5 cxd5 14. Qe3 Bg6 15. Bxg6 fxg6 16. a5 Bxa5 17. Ng5 Re8 18.
Qh3 Nf8 19. Qf3 Re7 20. Qb3 Bb6 21. Nf3 Rc8 22. Bg5 h6 23. Bxe7 Qxe7 24. Rfc1 Rd8 25.
Rc2 g5 26. h3 Ng6 27. Rac1 Nf4 28. Kf1 Qe8 29. g3 Nxh3 30. Qd3 g4 31. Nh4 Ng5 32. Ng6 Ne4 33. Nf4 g5 34. Ng2 Qf7 35. Kg1 Rf8 36. Rf1 Qf3 37. Qxf3 gxf3 38. Ne3 Bxd4 39. Ng4 h5 40. Nf6+ Nxf6 41. exf6 Rxf6 42. Rc8+ Kg7 43. Rc7+ Rf7 44. Rfc1 b5 45. Rxf7+ Kxf7 46. b4 Bb6 47. Kf1 e5 48. Rc6 e4 49. Ke1 d4 50.
Rh6 e3 51. fxe3 dxe3 52. Rxh5 Kg6 53. g4 e2 54. Rh8 Bd4 55. Rc8 Be5 56. Rc6+ Kf7 57.
Kf2 Bg3+ 58. Kxf3 e1=Q 59. Rf6+ Kxf6 60. Kg2 0-1

[Event "*** Qualifier 3: Titled Tuesday 3|2 Blitz"]
[Site "Chess.com"]
[Date "2017.04.18"]
[Round "6"]
[White "sorito"]
[Black "Iball95"]
[Result "1/2-1/2"]
[WhiteElo "2415"]
[BlackElo "2523"]
[TimeControl "180+2"]
[EndTime "14:22:10 PDT"]
[Termination "Game drawn by agreement"]

1. d4 d5 2. Nf3 Nf6 3. e3 e6 4.
Bd3 b6 5. b3 Bb7 6. Bb2 Bd6 7. Nbd2 O-O 8. O-O Ne4 9. c4 Nd7 10.
Qc2 f5 11. Rac1 Rc8 12. cxd5 exd5 13. Ne5 Qe7 14. Ndf3 c5 15. Nxd7 Qxd7 16. dxc5 bxc5 17. Qe2 f4 18. Ne5 Qe7 19. Bxe4 Bxe5 20. Bxe5 Qxe5 21. Bf3 fxe3 22. Qxe3 Qxe3 23. fxe3 Rfd8 24. Rfd1 Kf7 25. Rd2 Ke7 26. Rcd1 c4 27. bxc4 Rxc4 28. Bxd5 Rxd5 29.
Rxd5 Bxd5 30. Rxd5 Rc1+ 31. Kf2 Rc2+ 32. Kf3 Rxa2 33.
Rb5 Rd2 34. Ra5 Rd7 35. Ra6 Kd8 36. e4 Kc8 37. e5 Kb7 38. Ra2 Kb6 39. Ke4 a5 40. e6 Rd1 41. Ke5 Kc7 42. Rxa5 Re1+ 43. Kd5 Rd1+ 44. Ke5 Re1+ 45. Kf5 Rf1+ 46. Kg5 Rf2 47.
g4 Rxh2 48. Ra7+ Kd6 49. e7 Re2 50. e8=Q Rxe8 51. Rxg7 Ke6 52. Rxh7 Rg8+ 53. Kf4 Kf6 54. Rh6+ Kg7 55. Ra6 Rb8 56. Ra7+ Kg6 57. Ra6+ Kg7 58. Ra5 Kg6 59. Ra6+ Kg7 60. Kg5 Rb5+ 61. Kh4 Rb4 62. Kh5 Rb7 63. g5 Rc7 64. Rg6+ Kh7 65. Rh6+ Kg7 66. Rd6 Ra7 67. Rd4 Rb7 68. Rf4 Rc7 69. Rd4 Rb7 70. Rd5 Ra7 71. g6 Rb7 72. Rf5 Ra7 73.
Kg5 Rb7 74. Rf2 Rb5+ 75. Rf5 Rb7 76. Rd5 Ra7 77. Rb5 Rc7 78. Kh5 Rd7 1/2-1/2

[Event "*** Qualifier 3: Titled Tuesday 3|2 Blitz"]
[Site "Chess.com"]
[Date "2017.04.18"]
[Round "6"]
[White "dhanushbharadwaj"]
[Black "proxy6"]
[Result "0-1"]
[WhiteElo "2430"]
[BlackElo "2205"]
[TimeControl "180+2"]
[EndTime "14:22:11 PDT"]
[Termination "proxy6 won by resignation"]

1. Nf3 Nf6 2. c4 e6 3. g3 d5 4. b3 Be7 5. Bg2 O-O 6. O-O d4 7.
Bb2 c5 8. d3 Nc6 9. Nbd2 e5 10.
Re1 Be6 11. Ng5 Bf5 12. Nge4 Bg6 13. Nxf6+ Bxf6 14. a3 Be7 15. Rb1 Rc8 16. Ba1 a5 17. Bd5 Kh8 18. Nf3 Bd6 19. e3 f6 20. exd4 cxd4 21.
Nh4 Bf7 22. Bxf7 Rxf7 23. Qh5 Qd7 24. Bb2 Kg8 25. Re4 g6 26. Qd1 f5 27. Re1 Re8 28.
Nf3 Rfe7 29. Qd2 b6 30. Re2 Bc5 31. Rbe1 Qd6 32. Ng5 Bxa3 33. Bxa3 Qxa3 34. f4 exf4 35. Rxe7 Rxe7 36. Rxe7 Qxe7 37. Qxf4 Qe3+ 38. Qxe3 dxe3 39.
Nf3 h6 40. Kf1 g5 41. Ke2 f4 42. gxf4 gxf4 43. d4 Kf7 44. Kd3 Kf6 45. Ke4 e2 46. Kd3 Kf5 47. Kxe2 Ke4 48. d5 Ne7 49. d6 Nc6 50. d7 h5 51. Kf2 Nd8 52. Ke2 Kf5 53.
Nd4+ Ke5 54. Kd3 Kd6 55. Ke4 Kxd7 56. Kxf4 Ne6+ 57. Nxe6 Kxe6 58. Ke4 Kf6 59. h4 Ke6 60. Kf4 Kf6 61. Ke4 Ke6 62. Kd3 Kf5 63. c5 bxc5 64. Kc4 Kg4 65. Kxc5 Kxh4 66. Kb5 Kg4 67. Kxa5 h4 68. b4 h3 69. b5 h2 70. b6 h1=Q 71. b7 Qxb7 0-1

[Event "*** Qualifier 3: Titled Tuesday 3|2 Blitz"]
[Site "Chess.com"]
[Date "2017.04.18"]
[Round "6"]
[White "PelinGorki"]
[Black "GamayevOleg"]
[Result "1/2-1/2"]
[WhiteElo "2369"]
[BlackElo "2414"]
[TimeControl "180+2"]
[EndTime "14:23:20 PDT"]
[Termination "Game drawn by agreement"]

1. e4 d6 2. d4 Nf6 3. Nc3 e5 4.
Nf3 exd4 5. Qxd4 Nc6 6. Bb5 Bd7 7. Bxc6 Bxc6 8. Bg5 Be7 9. O-O-O O-O 10. h4 h6 11. Be3 Ng4 12. Nd5 Bxd5 13. exd5 Nxe3 14. fxe3 Bf6 15. Qf4 Re8 16. g4 Qe7 17. Rd3 Be5 18.
Nxe5 Qxe5 19. Qf2 Qe4 20. Rg1 g6 21. h5 Re5 22. Rf1 Rf8 23. hxg6 Qxg6 24. Rd4 Rg5 25. Rf4 Qg7 26. e4 b6 27. Qf3 a5 28.
Rh1 Re8 29. Kb1 Re7 30. a3 Rg6 31. Rh5 Qd4 32. g5 Rxg5 33. Rg4 Rxg4 34. Qxg4+ Qg7 35. Qc8+ Kh7 36. Rh4 Re5 37. Qxc7 f5 38. Qxd6 Rxe4 39. Rxe4 fxe4 40. Qe6 Qd4 41. d6 e3 42. d7 e2 43. Qe7+ Kg6 44. Qe8+ Kg7 45. Qxe2 Qxd7 46. Qg2+ Kh8 47. Qg6 Qd1+ 48. Ka2 Qd5+ 49. b3 Qc5 50. Qxh6+ Kg8 51. Qg6+ Kf8 52. Qf6+ Ke8 53. Qb2 b5 54. Qh8+ Kd7 55. Kb2 b4 56. axb4 axb4 57. Qf6 Kc7 58. c3 bxc3+ 59. Qxc3 Kb6 60.
Qf6+ Kb5 61. Qf1+ Kb6 62. Qf4 Kb5 63. Qe4 Qf2+ 64. Kc3 Qc5+ 65. Kd3 Qd6+ 66. Ke2 Qb4 67. Qd5+ Qc5 68. Qb7+ Ka5 69. Qa8+ Kb5 70. Qa4+ Kb6 71. Qe4 Qb5+ 72. Qd3 Qxd3+ 73. Kxd3 Kb5 74. Kc3 Kc5 75. b4+ Kb5 76. Kb3 Kb6 77. Kc4 Kc6 1/2-1/2

[Event "*** Qualifier 3: Titled Tuesday 3|2 Blitz"]
[Site "Chess.com"]
[Date "2017.04.18"]
[Round "6"]
[White "GMHess"]
[Black "kikydu96"]
[Result "1/2-1/2"]
[WhiteElo "2505"]
[BlackElo "2354"]
[TimeControl "180+2"]
[EndTime "14:23:20 PDT"]
[Termination "Game drawn by agreement"]

1. b3 d5 2. Bb2 Nf6 3. Nf3 Bf5 4.
d3 e6 5. Nbd2 c6 6. Nh4 Bg6 7. g3 Nbd7 8. Bg2 Be7 9. O-O O-O 10.
Nxg6 hxg6 11. e4 a5 12. e5 Ne8 13. f4 a4 14. h4 a3 15. Bd4 Bc5 16. Bxc5 Nxc5 17. d4 Nd7 18. h5 g5 19. Qg4 gxf4 20. Rxf4 f5 21. exf6 Rxf6 22. Rxf6 Qxf6 23. Rf1 Qh6 24.
Bh3 Nc7 25. Qf4 Qxf4 26. Rxf4 Rf8 27. Rxf8+ Kxf8 28. Nb1 Nf6 29. Nxa3 Nxh5 30. Kf2 Kf7 31. Bg4 Nf6 32. Bf3 e5 33. dxe5 Nd7 34. Ke3 Nxe5 35. Be2 Ne6 36. c4 d4+ 37. Ke4 Kf6 38. b4 c5 39. bxc5 d3 40. Bd1 Nxc5+ 41. Kd5 Ne6 42. Nb5 d2 43. Nd6 Nd3 44. Ne4+ Ke7 45. Nxd2 Nb4+ 46.
Ke5 Nxa2 47. Bf3 b6 48. Ne4 Nb4 49. Nc3 Nd3+ 50. Ke4 Ndc5+ 51. Kd5 Nd3 52. Be4 Nb4+ 53. Ke5 Nc5 54. Bf5 Nc6+ 55. Kf4 Na5 56. Nd5+ Kd6 57. Nxb6 Kc6 58. Nc8 Nxc4 59. Kg5 Kd5 60. Ne7+ Ke5 61. Ng6+ Kd6 62. Nf4 Ne3 63. Bb1 Nf1 64. Nh5 Ke5 65. Kg6 Ne4 66. g4 Nh2 67. g5 Nf3 68. Nxg7 Nfxg5 69. Nf5 Kf4 70. Ne7 Ke5 71. Nc6+ Kf4 72. Nb4 Nf3 73. Nd3+ Ke3 74. Kf5 Nfd2 75. Bc2 Kd4 76. Nf4 Nd6+ 77. Ke6 N6c4 78. Bh7 Ke3 79. Nd5+ Kd4 80.
Nf6 Ne3 1/2-1/2

[Event "*** Qualifier 3: Titled Tuesday 3|2 Blitz"]
[Site "Chess.com"]
[Date "2017.04.18"]
[Round "6"]
[White "Rating-Schmating"]
[Black "GianmarcoVaR"]
[Result "0-1"]
[WhiteElo "2294"]
[BlackElo "2461"]
[TimeControl "180+2"]
[EndTime "14:23:36 PDT"]
[Termination "GianmarcoVaR won by checkmate"]

1. e4 c6 2. Nf3 d5 3. Nc3 Bg4 4. h3 Bxf3 5. Qxf3 e6 6. g4 Bd6 7. Bg2 Ne7 8. d3 O-O 9. Bf4 Bxf4 10. Qxf4 Ng6 11. Qg3 d4 12. Ne2 Qa5+ 13. Kf1 e5 14.
f4 exf4 15. Nxf4 Qe5 16. Ne2 Qxg3 17. Nxg3 Ne5 18. Ke2 g6 19. Rhf1 Kg7 20. Kd2 c5 21. a4 Nbd7 22. Ne2 Rac8 23. b3 Rfd8 24. Nf4 Nf8 25. Nd5 Ne6 26. Rf2 Nc7 27. Raf1 Rd6 28. g5 Ne6 29. h4 Rh8 30. Nf6 h6 31. Bh3 Nc7 32. Bg4 hxg5 33. hxg5 Ne8 34. Nxe8+ Rxe8 35. Be2 Rh8 36. Rf6 Rxf6 37. Rxf6 Nc6 38. Rf2 Rh1 39. Bf3 Rg1 40. Bg2 Kf8 41. Ke2 Ne5 42. Kd2 Ng4 43.
Re2 Ne3 44. Bh3 Rxg5 45. c3 Ke7 46. Kc1 Rg1+ 47. Kb2 Nd1+ 48. Kc2 Ne3+ 49. Kb2 Nd1+ 50. Kc2 Nxc3 51. Rf2 Ra1 52. Rf4 Ra2+ 53. Kc1 Rh2 54. Bg4 b6 55. Rf1 f6 56. Bc8 Ra2 57. Re1 Kd6 58.
Ba6 Ke5 59. Bc4 g5 60. b4 Ra1+ 61. Kd2 Rxe1 62. Kxe1 cxb4 63. a5 bxa5 64. Kd2 Kf4 65. Bb5 g4 66. Bc6 g3 67. e5 Kf5 68. exf6 Kxf6 69. Kc2 a4 70. Kb2 a5 71. Bg2 a3+ 72.
Ka1 b3 73. Bd5 g2 74. Bxb3 g1=Q+ 75. Bd1 a2 76. Kb2 Qxd1 77. Ka3 Qa4+ 78. Kb2 Nd1+ 79. Kc1 Qa3+ 80. Kd2 Qc3+ 81. Ke2 Ne3 82. Kf3 Qe1 83. Ke4 a1=Q 84. Kf4 Qh4+ 85. Kf3 Qah1+ 86. Ke2 Qg4+ 87. Kd2 Qhf3 88. Kc1 Qe2 89. Kb1 Qc8 90. Ka1 Qc5 91. Kb1 Qb5+ 92. Ka1 Qexd3 93. Ka2 Qdb1+ 94. Ka3 Qc5+ 95. Ka4 Qd6 96. Kxa5 d3 97. Ka4 d2 98. Ka5 Nc4+ 99.
Ka4 d1=Q# 0-1

[Event "*** Qualifier 3: Titled Tuesday 3|2 Blitz"]
[Site "Chess.com"]
[Date "2017.04.18"]
[Round "6"]
[White "djogrodek1"]
[Black "LuckyTiger"]
[Result "1-0"]
[WhiteElo "2417"]
[BlackElo "2577"]
[TimeControl "180+2"]
[EndTime "14:23:51 PDT"]
[Termination "djogrodek1 won by checkmate"]

1. e4 c5 2. Nf3 d6 3. Bb5+ Nd7 4.
O-O Nf6 5. Re1 e5 6. c3 Be7 7. d4 O-O 8. Bg5 h6 9. Bh4 a6 10. Bf1 Re8 11. Nbd2 Qc7 12. Nc4 Bf8 13. a4 b6 14. d5 Nh7 15. Nfd2 g6 16. Bd3 h5 17. Rb1 Bh6 18. f3 b5 19. axb5 axb5 20. Na3 c4 21.
Bf1 Nc5 22. Bf2 Bd7 23. Nc2 Ra4 24. Nb4 Rea8 25. Qe2 Qc8 26. Be3 Qf8 27. Red1 h4 28.
Qf2 Nf6 29. Re1 Bxe3 30. Qxe3 Nh5 31. Qg5 Qd8 32. Qxd8+ Rxd8 33. Ra1 Rda8 34. Rxa4 Rxa4 35. Kf2 f5 36. Ke3 Kf7 37. Be2 Na6 38. Nxa6 Rxa6 39.
Rb1 Ra2 40. Kf2 g5 41. Ke3 Kg6 42. Bf1 Nf6 43. Be2 g4 44. Bd1 h3 45. gxh3 gxf3 46. Bxf3 f4+ 47. Kf2 Bxh3 48. Rg1+ Kf7 49. Rb1 Ng4+ 50.
Bxg4 Bxg4 51. Nf3 Kf6 52. Kg2 Bh5 53. Kf2 b4 54. cxb4 c3 55. b5 c2 56. Rc1 Rxb2 57.
b6 Bg6 58. Nd2 Rxb6 59. Rxc2 Rb4 60. Rc6 Bxe4 61. Rxd6+ Kf5 62. Rd8 Rb2 63. Ke1 Bd3 64. d6 Ke6 65. d7 Rb5 66. Nf3 Be4 67. Ng5+ Ke7 68. Rh8 Rb1+ 69. Kd2 Rb2+ 70. Kc3 Rc2+ 71. Kb3 Rd2 72. d8=Q+ Rxd8 73. Rxd8 Kxd8 74. Nxe4 Ke7 75. Kc3 Ke6 76. Kd3 Kf5 77. Nf2 Kf6 78. Ke4 Ke6 79.
Ng4 f3 80. Kxf3 Kf5 81. Nf2 Kg5 82. Ke4 Kf6 83. h3 Kg5 84. Kxe5 Kh4 85. Kf4 Kh5 86. Kg3 Kg5 87. h4+ Kh5 88. Ne4 Kh6 89. Kg4 Kg6 90.
h5+ Kh6 91. Kh4 Kh7 92. Kg5 Kg7 93. h6+ Kh7 94. Ng3 Kh8 95. Kg6 Kg8 96. Ne4 Kh8 97. Ng5 Kg8 98. h7+ Kh8 99. Nf7# 1-0

[Event "*** Qualifier 3: Titled Tuesday 3|2 Blitz"]
[Site "Chess.com"]
[Date "2017.04.18"]
[Round "6"]
[White "RobertoJBM"]
[Black "Alexander_Moskalenko"]
[Result "1/2-1/2"]
[WhiteElo "2432"]
[BlackElo "2640"]
[TimeControl "180+2"]
[EndTime "14:24:00 PDT"]
[Termination "Game drawn by stalemate"]

1. d4 Nf6 2. Nf3 e6 3. c4 Bb4+ 4.
Bd2 a5 5. Nc3 O-O 6. g3 d6 7.
Bg2 Nbd7 8. O-O e5 9. a3 Bxc3 10.
Bxc3 e4 11. Nd2 Re8 12. e3 c6 13.
b4 axb4 14. axb4 Rxa1 15. Qxa1 d5 16. b5 Nf8 17. bxc6 bxc6 18. Ba5 Qe7 19. cxd5 cxd5 20. Rc1 Bg4 21. Nb3 h5 22. Qc3 Rc8 23. Nc5 h4 24. Bb4 Ng6 25. Qd2 Qa7 26. Nb3 Rb8 27. Na5 Qd7 28. Nc6 Re8 29. Qb2 hxg3 30. hxg3 Bf3 31. Ne5 Nxe5 32. dxe5 Bxg2 33. Kxg2 Ng4 34. Bd6 Qf5 35.
Qe2 Re6 36. Rh1 Rg6 37. Rh4 Nxe5 38. Bxe5 Qxe5 39. Qh5 Qxh5 40. Rxh5 Rd6 41. Rh1 d4 42. exd4 Rxd4 43. Ra1 Kh7 44. Ra6 f6 45. Kf1 Kg6 46. Ke2 Kf5 47. Ra5+ Kg4 48. Ra7 g5 49. Re7 Rb4 50. Rc7 Rb2+ 51. Ke3 f5 52. Rg7 Ra2 53. Rg8 Ra3+ 54. Ke2 Ra7 55. Ke3 Ra3+ 56. Ke2 Rf3 57. Rg7 Ra3 58. Rg8 Ra5 59. Ke3 Rd5 60. Ke2 Re5 61.
Ke3 Re7 62. Ke2 e3 63. f3+ Kxg3 64. Rxg5+ Kf4 65. Rh5 Ra7 66. Rh4+ Kg3 67. Rh8 Kf4 68. Rh4+ Kg3 69. Rh8 Ra2+ 70. Kxe3 f4+ 71. Ke4 Ra4+ 72.
Kf5 Kxf3 73. Rh3+ Kg2 74. Rh4 Kg3 75. Rg4+ Kf3 76. Kg5 Ra5+ 77. Kh4 Ke3 78. Rg8 Kf3 79. Rb8 Ra2 80. Rb3+ Kg2 81. Kg4 Rf2 82. Rh3 Rf1 83. Rh8 Rf3 84. Rh2+ Kxh2 85. Kxf3 Kh3 86. Kf2 Kg4 87.
Kg2 f3+ 88. Kf2 Kf4 89. Kf1 Ke3 90. Ke1 f2+ 91. Kf1 Kf3 1/2-1/2

[Event "*** Qualifier 3: Titled Tuesday 3|2 Blitz"]
[Site "Chess.com"]
[Date "2017.04.18"]
[Round "6"]
[White "DiogenesSinopeus"]
[Black "the_drake"]
[Result "1/2-1/2"]
[WhiteElo "2281"]
[BlackElo "2204"]
[TimeControl "180+2"]
[EndTime "14:24:31 PDT"]
[Termination "Game drawn by agreement"]

1. d4 d5 2. c4 c6 3. Nc3 Nf6 4.
e3 a6 5. Nf3 g6 6. Be2 Bg7 7. O-O O-O 8. b4 Bg4 9. cxd5 Nxd5 10.
Nxd5 Qxd5 11. h3 Bf5 12. Bb2 Nd7 13. Rc1 Qxa2 14. Qd2 Nb6 15. g4 Be4 16. Ng5 Bd5 17.
Ra1 Nc4 18. Rxa2 Nxd2 19. Raa1 Nxf1 20. Kxf1 h6 21. Nf3 Rfe8 22. Nd2 Be6 23. f4 Bd7 24. e4 h5 25. Kf2 hxg4 26. hxg4 f5 27. gxf5 gxf5 28. e5 Kf7 29. Nf3 e6 30. Ng5+ Ke7 31. b5 axb5 32. Ba3+ Rxa3 33. Rxa3 Bh6 34. Ra7 Bxg5 35. fxg5 Bc8 36. Ke3 Rh8 37. Kf4 Rh4+ 38. Kg3 Rxd4 39. Ra8 Kd8 40. g6 Rd7 41. Kf4 Rg7 42. Kg5 Rg8 43. Kf6 Rf8+ 44. Kg7 Ke7 45. Kh7 b4 46. g7 Rd8 47. g8=Q Rxg8 48. Kxg8 Bd7 49. Kg7 b3 50. Ra3 b5 51. Rxb3 f4 52. Kg6 Kd8 53. Kg5 f3 54. Bxf3 c5 55. Kf4 c4 56.
Rb4 Kc7 57. Ke3 Kb6 58. Kd4 Be8 59. Kc3 Kc5 60. Rb1 Bg6 61. Rb2 Bd3 62. Be2 b4+ 63.
Rxb4 Bxe2 64. Ra4 Kd5 65. Ra5+ Ke4 66. Kb4 Bd3 67. Rc5 Kd4 68. Rc6 Kxe5 69. Kc3 Kd5 70. Rc8 e5 71. Rd8+ Ke4 72. Kd2 Kf4 73. Rf8+ Bf5 74.
Rf7 Kg4 75. Rc7 Bd3 76. Ke3 Kf5 77. Rc8 Ke6 78. Rd8 Ke7 79. Rc8 Kd7 80. Rc5 Kd6 81.
Rc8 Kd5 82. Rc7 e4 83. Rc8 Bc2 84. Rc7 Bd3 85. Rc8 Ke5 86. Rc7 Kf5 87. Rc8 Kg4 88. Rg8+ Kh3 89. Kd4 Kh2 90. Rg7 Kh3 91. Rg8 Kh4 92. Rg7 Kh5 93. Rg1 Kh4 94. Rg8 Kh3 95. Rg7 Kh4 1/2-1/2

[Event "*** Qualifier 3: Titled Tuesday 3|2 Blitz"]
[Site "Chess.com"]
[Date "2017.04.18"]
[Round "6"]
[White "Aygehovit1992"]
[Black "pKiLz5Rn9b"]
[Result "1-0"]
[WhiteElo "2430"]
[BlackElo "2457"]
[TimeControl "180+2"]
[EndTime "14:25:34 PDT"]
[Termination "Aygehovit1992 won by resignation"]

1. e4 e6 2. Qe2 Be7 3. b3 d5 4. exd5 Qxd5 5. Bb2 Nf6 6. Nf3 O-O 7.
Nc3 Qd8 8. g3 b6 9. Bg2 Bb7 10.
O-O Nbd7 11. d4 c5 12. Rad1 Rc8 13. Nb5 a6 14. Na3 b5 15. c4 b4 16. Nc2 Qc7 17. d5 exd5 18. Qxe7 Rfe8 19. Bxf6 gxf6 20. Qxe8+ Rxe8 21.
cxd5 Nb6 22. d6 Qd7 23. Ne3 Be4 24. Rd2 Rd8 25. Rfd1 a5 26. Ne5 fxe5 27. Bxe4 a4 28. Bf5 Qc6 29. d7 axb3 30. axb3 c4 31. bxc4 Na4 32.
Nd5 Qxc4 33. Rc2 Qb3 34. Re1 Kg7 35. Ne3 Nc3 36. Rd2 Qa4 37. Rd3 Qb5 38. h4 e4 39.
Rd2 b3 40. Rb2 Na4 41. Rbb1 b2 42. Bxe4 Nc3 43. Bf5 h5 44. Rbd1 Nxd1 45. Rxd1 Qc5 46. Bc2 Qc6 47. Rb1 Qc3 48. Rd1 Qc6 49. Rb1 Rxd7 50. Rxb2 Rd2 51. Nf5+ Kf6 52. Ne3 Qc5 53. Ra2 Kg7 54. Nf5+ Kf6 55. Ne3 Qb5 56. Kg2 Qc6+ 57. Kg1 Qf3 58. Ra6+ Ke7 59. Nf5+ Kd7 60. Ba4+ Kc7 61.
Rc6+ Kb7 62. Nd6+ Ka7 63. Rc7+ Kb6 64. Rb7+ Kc5 65. Rc7+ Kxd6 66. Rd7+ Ke6 67. Rxd2 Qa3 68. Bd1 Qc1 69. Rd3 Ke5 70. Kf1 Qc4 71. Be2 Qc1+ 72.
Kg2 Qc6+ 73. Bf3 Qc4 74. Rd5+ Kf6 75. Rxh5 Qc3 76. Rd5 Ke6 77. Rg5 f6 78. Rg4 f5 79.
Rf4 Ke5 80. h5 Qc7 81. Kh2 Qh7 82. Kg2 Qc7 83. h6 Qh7 84. Rh4 Kf6 85. Kh2 Kg5 86. Be2 Kf6 87. Bd3 Kg5 88. Be2 Kf6 89. Rh5 Kg6 90.
Kg2 Qb7+ 91. Bf3 Qh7 92. Rh4 Kg5 93. Kh2 Kg6 94. Bd1 Kg5 95. Bc2 Kg6 96. Kh3 Kg5 97. f4+ Kf6 98. Rh5 Ke7 99. Bxf5 Qf7 100. Rg5 Qd5 101. h7 Qh1+ 102. Kg4 Qd1+ 103. Kh4 Qh1+ 104. Bh3 Qa1 105. Re5+ 1-0

[Event "*** Qualifier 3: Titled Tuesday 3|2 Blitz"]
[Site "Chess.com"]
[Date "2017.04.18"]
[Round "6"]
[White "jcibarra"]
[Black "BogdanDeac"]
[Result "1-0"]
[WhiteElo "2664"]
[BlackElo "2531"]
[TimeControl "180+2"]
[EndTime "14:25:58 PDT"]
[Termination "jcibarra won on time"]

1. e4 e5 2. Nf3 Nc6 3. Bb5 a6 4.
Bxc6 dxc6 5. O-O Qf6 6. d4 exd4 7. Bg5 Qd6 8. Nxd4 Bd7 9. Nc3 Be7 10. Bxe7 Nxe7 11. Nb3 O-O-O 12. Qe2 Ng6 13. Qe3 b6 14. f4 f6 15. Rad1 Qe7 16. a4 a5 17. Nxa5 Qb4 18.
Nb3 Be6 19. Nd4 Bd7 20. b3 c5 21. Ndb5 Bc6 22. Na7+ Kb7 23. Nxc6 Kxc6 24. e5 fxe5 25. Qf3+ e4 26. Nxe4 Nh4 27. Qe2 Rxd1 28. Rxd1 Re8 29. c4 Qxb3 30. Qd2 Kb7 31. Re1 Kb8 32. a5 Qb4 33.
Qd1 Qxa5 34. Re2 Nf5 35. Qd7 Qa1+ 36. Kf2 Qd4+ 37. Qxd4 Nxd4 38. Re3 Nc2 39. Re2 Na3 40. Ng5 Rf8 41. Ne6 Rf6 42. Kf3 g6 43. Ng5 h6 44.
Ne4 Rf7 45. Nd2 Rd7 46. g4 Kc8 47. f5 g5 48. Re8+ Kb7 49. Ke3 Nc2+ 50. Ke2 Nd4+ 51.
Ke3 Nc2+ 52. Ke2 Nd4+ 53. Ke1 h5 54. h3 hxg4 55. hxg4 Nc2+ 56. Ke2 Nd4+ 57. Ke1 Nc2+ 58. Kd1 Nd4 59. Kc1 Rh7 60. Ne4 Rh1+ 61. Kd2 Rh2+ 62. Ke3 Rh3+ 63. Kf2 Rf3+ 64. Kg2 Rf4 65. Kg3 Rf3+ 66.
Kg2 Rf4 67. Nf2 Nf3 68. Nh3 Nh4+ 69. Kg3 Nxf5+ 70. gxf5 Rxf5 71. Kg4 Rf1 72. Nxg5 b5 73. cxb5 Rb1 74. Kf5 Rxb5 75. Ke4 c4 76. Ne6 c3 77. Kd3 Kb6 78. Nd4 Rc5 79. Rb8+ Ka7 80. Rb1 Ka6 81. Nc2 Rb5 82. Ra1+ Ra5 83. Rb1 Rb5 84. Ra1+ Ra5 85. Rh1 Rc5 86. Kd4 Kb6 87. Rb1+ Rb5 88. Re1 Rc5 89. Ne3 c2 90. Rc1 Rc6 91. Nc4+ Kb5 92. Rxc2 Rh6 93. Rb2+ Ka6 94. Kc5 Rh5+ 95. Kc6 Rh6+ 96.
Kxc7 Rh7+ 97. Kc6 Ka7 98. Nd6 Rh6 99. Ra2+ Kb8 100. Ra1 Rh2 101. Rb1+ Ka8 102. Rg1 Rh8 103. Kc7 Rh7+ 104. Kb6 Rh8 105. Rg7 Kb8 106. Nf7 Re8 107. Ne5 1-0

[Event "*** Qualifier 3: Titled Tuesday 3|2 Blitz"]
[Site "Chess.com"]
[Date "2017.04.18"]
[Round "7"]
[White "rasmussvane"]
[Black "PelinGorki"]
[Result "0-1"]
[WhiteElo "2515"]
[BlackElo "2380"]
[TimeControl "180+2"]
[EndTime "14:28:01 PDT"]
[Termination "PelinGorki won by checkmate"]

1. d4 Nf6 2. c4 e5 3. dxe5 Ng4 4.
Bf4 g5 5. Bg3 Bg7 6. Nf3 Nc6 7. h4 Ngxe5 8. Nxe5 Nxe5 9. hxg5 Nxc4 10. Nc3 Qxg5 11. Qb3 Qd2# 0-1

[Event "*** Qualifier 3: Titled Tuesday 3|2 Blitz"]
[Site "Chess.com"]
[Date "2017.04.18"]
[Round "7"]
[White "daro94"]
[Black "SabinaFoisor"]
[Result "1-0"]
[WhiteElo "2744"]
[BlackElo "2245"]
[TimeControl "180+2"]
[EndTime "14:30:22 PDT"]
[Termination "daro94 won by resignation"]

1. g3 d5 2. Bg2 e6 3. c4 Nf6 4.
Nf3 dxc4 5. Qa4+ Bd7 6. Qxc4 c5 7. Ne5 Nc6 8. Nxc6 Bxc6 9. Bxc6+ bxc6 10. d3 Qd5 11.
O-O Be7 12. Nc3 Qxc4 13. dxc4 Nd7 14. b3 f5 15. Ba3 Bf6 16. Rac1 Bxc3 17. Rxc3 a5 18.
Rd1 Ke7 19. Rcd3 Rhd8 20. Rd6 a4 21. bxa4 Rac8 22. a5 Rc7 23. Bxc5 1-0

[Event "*** Qualifier 3: Titled Tuesday 3|2 Blitz"]
[Site "Chess.com"]
[Date "2017.04.18"]
[Round "7"]
[White "djano"]
[Black "Rock700chess"]
[Result "1-0"]
[WhiteElo "2397"]
[BlackElo "2237"]
[TimeControl "180+2"]
[EndTime "14:30:28 PDT"]
[Termination "djano won by resignation"]

1. d4 Nf6 2. Bf4 e6 3. e3 c5 4. Nd2 d5 5. c3 Nc6 6. Ngf3 Bd6 7. Bg3 O-O 8. Bd3 b6 9. Qe2 Bb7 10. Ne5 Ne7 11. O-O-O c4 12. Bc2 b5 13. Bh4 Ng6 14.
Nxg6 hxg6 15. e4 Be7 16. e5 Nd7 17. Bxe7 Qxe7 18. h4 b4 19. cxb4 Qxb4 20. a3 Qb6 21. h5 Qxd4 22. hxg6 fxg6 23. Bxg6 Qg4 24. Qxg4 1-0

[Event "*** Qualifier 3: Titled Tuesday 3|2 Blitz"]
[Site "Chess.com"]
[Date "2017.04.18"]
[Round "7"]
[White "woodhy"]
[Black "ChristopherYoo"]
[Result "1-0"]
[WhiteElo "2321"]
[BlackElo "2263"]
[TimeControl "180+2"]
[EndTime "14:31:28 PDT"]
[Termination "woodhy won by resignation"]

1. e4 c5 2. Nf3 d6 3. d4 cxd4 4.
Nxd4 Nf6 5. f3 e5 6. Bb5+ Bd7 7.
Bxd7+ Qxd7 8. Nf5 g6 9. Ne3 Bg7 10. O-O Nc6 11. Nc3 O-O 12. b3 Nd4 13. Ne2 d5 14. Bb2 dxe4 15. Nxd4 exd4 16. Bxd4 Rad8 17. c3 Qc6 18. Qe2 Rfe8 19. Rae1 exf3 20. Qxf3 Qxf3 21. Rxf3 Re6 22. Ref1 Rdd6 23. Nc4 Ra6 24. a4 Kf8 25. b4 Ra5 26. Nxa5 1-0

[Event "*** Qualifier 3: Titled Tuesday 3|2 Blitz"]
[Site "Chess.com"]
[Date "2017.04.18"]
[Round "7"]
[White "Spartakus1975"]
[Black "fastestmindalive"]
[Result "1-0"]
[WhiteElo "2579"]
[BlackElo "2427"]
[TimeControl "180+2"]
[EndTime "14:31:41 PDT"]
[Termination "Spartakus1975 won by resignation"]

1. e4 c5 2. c3 g6 3. Nf3 Bg7 4. d4 cxd4 5. cxd4 d5 6. e5 Bg4 7. Bb5+ Nc6 8. Bxc6+ bxc6 9. Nbd2 e6 10.
O-O Ne7 11. h3 Bxf3 12. Nxf3 O-O 13. b3 f6 14. exf6 Bxf6 15. Re1 Qd7 16. Bf4 c5 17.
Be5 cxd4 18. Bxf6 Rxf6 19. Qxd4 Raf8 20. Ne5 Qd6 21. Ng4 Kg7 22. Nxf6 Rxf6 23. Qxa7 Kh6 24. Qe3+ Kg7 25. Rac1 d4 26. Qe5 Qxe5 27. Rxe5 Nf5 28. Rd1 h5 29. a4 h4 30. a5 Rf7 31. Rxe6 Rb7 32. Rb6 1-0

[Event "*** Qualifier 3: Titled Tuesday 3|2 Blitz"]
[Site "Chess.com"]
[Date "2017.04.18"]
[Round "7"]
[White "Quiet_Desperation"]
[Black "Vamostodorecto"]
[Result "0-1"]
[WhiteElo "2029"]
[BlackElo "2378"]
[TimeControl "180+2"]
[EndTime "14:31:50 PDT"]
[Termination "Vamostodorecto won by resignation"]

1. e4 e5 2. Nf3 Nc6 3. Bb5 a6 4. Ba4 Nf6 5. d3 b5 6. Bb3 Bc5 7. c3 Bb7 8. O-O O-O 9. h3 d5 10. Re1 dxe4 11. dxe4 Na5 12. Qxd8 Raxd8 13. Bc2 Bd6 14.
Bg5 Nc4 15. b3 Nb6 16. Bxf6 gxf6 17. Nbd2 Ba3 18. Rab1 Nd7 19. Nf1 b4 20. c4 Nc5 21.
Ng3 Rfe8 22. Rbd1 Bb2 23. Nh4 Bc3 24. Rxd8 Rxd8 25. Re2 Ne6 26. Nh5 Nd4 27. Nxf6+ Kg7 28. Nh5+ Kh6 29. Nf5+ Nxf5 30. exf5 Kxh5 31. g4+ Kg5 32.
Be4 Bxe4 33. Rxe4 Rd2 34. Kg2 Bd4 0-1

[Event "*** Qualifier 3: Titled Tuesday 3|2 Blitz"]
[Site "Chess.com"]
[Date "2017.04.18"]
[Round "7"]
[White "MyleneFarmer"]
[Black "Sanan_Sjugirov"]
[Result "0-1"]
[WhiteElo "2336"]
[BlackElo "2637"]
[TimeControl "180+2"]
[EndTime "14:32:08 PDT"]
[Termination "Sanan_Sjugirov won by checkmate"]

1. f3 e5 2. g3 d5 3. Nh3 Nf6 4.
Nf2 Bc5 5. e3 h5 6. Bg2 h4 7. d3 hxg3 8. hxg3 Rxh1+ 9. Nxh1 Nc6 10. Qe2 e4 11. Nf2 exf3 12. Bxf3 Bd6 13. Nh1 Ne5 14. Nc3 Nxf3+ 15. Qxf3 Bg4 16. Qg2 c6 17. Nf2 Qd7 18. e4 O-O-O 19. Bf4 dxe4 20. Bxd6 Qxd6 21. Nfxe4 Nxe4 22. Nxe4 Qh6 23. Kf2 f5 24. Rh1 Qe6 25.
Nc3 Re8 26. Kg1 Qe1+ 27. Qf1 Qxg3+ 28. Qg2 Re1# 0-1

[Event "*** Qualifier 3: Titled Tuesday 3|2 Blitz"]
[Site "Chess.com"]
[Date "2017.04.18"]
[Round "7"]
[White "Alexander_Moskalenko"]
[Black "rithwik2002"]
[Result "1-0"]
[WhiteElo "2640"]
[BlackElo "1806"]
[TimeControl "180+2"]
[EndTime "14:32:10 PDT"]
[Termination "Alexander_Moskalenko won by resignation"]

1. Nf3 Nf6 2. c4 e6 3. g3 d5 4. Bg2 a6 5. d4 dxc4 6. O-O Nc6 7. e3 Rb8 8. Nfd2 Qd7 9. Nxc4 b5 10. Ne5 Nxe5 11. dxe5 Qxd1 12. Rxd1 Nd7 13. f4 Be7 14.
Nc3 f6 15. exf6 gxf6 16. Ne2 Bd6 17. Nd4 Kf7 18. Nc6 Rb6 19. Bd2 Bb7 20. Rac1 Nc5 21. Ba5 Rxc6 22. Bxc6 Bxc6 23. b4 Bf3 24. bxc5 Bxd1 25.
cxd6 Bf3 26. Rxc7+ Kg6 27. d7 Kf5 28. Rc8 1-0